 Dungeon Crawl Stone Soup version 0.29-a0-207-gf982a884d8 (webtiles) character file.

Game seed: 7595803682850514871

3 iguanaiguana the Grasshopper (level 1, -1/17 HPs)
             Began as a Palentonga Warper on Feb 24, 2022.
             Hit by a stone thrown by a hobgoblin (3 damage)
             ... on level 1 of the Dungeon.
             The game lasted 00:00:26 (44 turns).

iguanaiguana the Grasshopper (Palentonga Warper)      Turns: 44, Time: 00:00:26

Health: -1/17      AC:  4    Str: 14    XL:     1   Next: 41%
Magic:  3/3        EV:  9    Int: 13    God:
Gold:   0          SH:  0    Dex:  9    Spells: 4/4 levels left

rFire   . . .      SeeInvis +   a - +0 hand axe
rCold   . . .      Faith    .   (no shield)
rNeg    . . .      Spirit   .   b - +0 leather armour
rPois   .          Reflect  .   (no helmet)
rElec   .          Harm     .   (no cloak)
rCorr   .          Rampage  .   (no gloves)
Will    .....                   (no barding)
Stlth   +.........              (no amulet)
HPRegen 0.05/turn               (no ring)
MPRegen 0.08/turn               (no ring)

@: no status effects
A: large, rugged brown scales 3, see invisible, deformed body, roll 1, armoured
tail
a: Rolling Charge


You were on level 1 of the Dungeon.
You visited 1 branch of the dungeon, and saw 1 of its levels.

Inventory:

Hand Weapons
 a - a +0 hand axe (weapon)
Missiles
 d - 5 boomerangs of dispersal (quivered)
Armour
 b - a +0 leather armour (worn)


   Skills:
 + Level 2.0 Fighting
 + Level 2.0 Axes
 + Level 0.7 Throwing
 + Level 0.8 Armour
 + Level 1.6 Dodging
 + Level 2.0 Spellcasting
 + Level 3.0 Translocations


You had 4 spell levels left.
You didn't know any spells.
Your spell library contained the following spells:

 Spells                   Type           Power      Damage    Failure   Level
 Blink                    Tloc           18%        N/A       14%         2
 Gell's Gravitas          Tloc           9%         N/A       26%         3
 Lesser Beckoning         Tloc           9%         N/A       26%         3
 Teleport Other           Tloc           9%         N/A       26%         3
 Manifold Assault         Tloc           9%         N/A       94%         5


Dungeon Overview and Level Annotations

Branches:
Dungeon (1/15)

Altars:


Innate Abilities, Weirdness & Mutations

You are completely covered in rugged brown scales. (AC +3, +7% HP)
You have supernaturally acute eyesight. (SInv)
Armour fits poorly on your strangely shaped body.
You can roll at nearby foes to attack.
You have a long armoured tail.


Message History

You closely miss the jackal.
The jackal bites you but does no damage.
The jackal bites you.
* * * LOW HITPOINT WARNING * * *
You closely miss the jackal.
Your tail-slap misses the jackal.
The jackal is severely wounded.
You hit the jackal. The jackal barely misses you.
The jackal closely misses you.
The jackal bites you but does no damage.
The jackal closely misses you.
You completely miss the jackal.
The jackal is severely wounded.
You hit the jackal but do no damage. The jackal bites you.
* * * LOW HITPOINT WARNING * * *
The jackal misses you. The jackal bites you.
* * * LOW HITPOINT WARNING * * *
The jackal bites you.
* * * LOW HITPOINT WARNING * * *
Blink to where?
Press: ? - help, Dir - move target A hobgoblin comes into view.
As you read the scroll of blinking {@r4}, it crumbles to dust.
The hobgoblin shouts!
You aren't carrying any potions.
You aren't carrying any scrolls.
Roll where?
Press: ? - help, Dir - move target, f - hobgoblin
Aim: a hobgoblin, quivering stones You roll forward with a clatter of scales!
You closely miss the hobgoblin.
You hear a shout!
The hobgoblin hits you but does no damage.
A bat comes into view.
The hobgoblin hits you but does no damage.
The hobgoblin throws a stone.
The stone closely misses you. The bat closely misses you.
The bat hits you but does no damage. x2
The bat hits you but does no damage. The bat barely misses you.
The hobgoblin throws a stone.
The stone hits you.
You die...

#..#
########..#####
#.....##..##..#
#..<..'...##..#
#.....##..##..#
########...'..#
###########..##..#
#..b.........##..#
#...@......⌠.##..#
#g########...#####
##.# #...# ##.h###
#..## #.....# #.##
......##.######.#
....#.#
#...).hr.## ....##
###r......# ..#
#.####l.#


You could see a hobgoblin and a bat.

Vanquished Creatures
  An endoplasm (D:1)
  A jackal (D:1)
  A kobold (D:1)
3 creatures vanquished.

Notes
Turn   | Place    | Note
-------+----------+-------------------------------------------
     0 | D:1      | iguanaiguana the Palentonga Warper began the quest for the
                  | Orb.
     0 | D:1      | Reached XP level 1. HP: 17/17 MP: 3/3
    44 | D:1      | Hit by a stone thrown by a hobgoblin

Illustrated notes

Levels and vault maps discovered:
D:1:      dpeg_arrival_rooms_a, layout_loops_cross

Action                   || total
-------------------------++-------
Melee: Hand axe          ||    15
       Tailslap          ||     2
 Abil: Rolling Charge    ||     3
  Use: Scroll            ||     1
Armor: Leather armour    ||    14
Dodge: Dodged            ||    17

Table legend: (Time is in decaauts)
 A = Elapsed time spent in this place.
 B = Non-inter-level travel time spent in this place.
 C = Inter-level travel time spent in this place.
 D = Time resting spent in this place.
 E = Time spent auto-exploring this place.
 F = Levels seen in this place.
 G = Mean time per level.
                   A        B        C        D        E       F      G
               +--------+--------+--------+--------+--------+-----+--------+
         Total |     47 |     47 |      0 |      0 |     17 |   1 |   47.0 |
       Dungeon |     47 |     47 |      0 |      0 |     17 |   1 |   47.0 |
               +--------+--------+--------+--------+--------+-----+--------+

Top non-repeatable levels by time:
     D:1: 47 daAuts
